 Dungeon Crawl Stone Soup version 0.28-a0-1518-gbe868bca14 (webtiles) character file.

Game seed: 11744101845674698757

4 Pin the Insei (level 1, -1/13 HPs)
             Began as an Octopode Transmuter on Jan 17, 2022.
             Slain by a ball python (2 damage)
             ... on level 1 of the Dungeon.
             The game lasted 00:00:27 (203 turns).

Pin the Insei (Octopode Transmuter)                  Turns: 203, Time: 00:00:28

Health: -1/13      AC:  1    Str:  9    XL:     1   Next: 70%
Magic:  3/3        EV: 13    Int: 15    God:
Gold:   15         SH:  0    Dex: 12    Spells: 3/4 levels left

rFire   . . .      SeeInvis .     - Unarmed
rCold   . . .      Faith    .   (no shield)
rNeg    . . .      Spirit   .   (helmet restricted)
rPois   .          Reflect  .   (no amulet)
rElec   .          Harm     .   (no ring)
rCorr   .          Rampage  .   (no ring)
Will    .....                   (no ring)
Stlth   ++........              (no ring)
HPRegen 0.04/turn               (no ring)
MPRegen 0.08/turn               (no ring)
                                (no ring)
                                (no ring)

@: no status effects
A: almost no armour, amphibious, 8 rings, camouflage 1, gelatinous body 1,
(nimble swimmer 1), tentacles
a: no special abilities


You were on level 1 of the Dungeon.
You visited 1 branch of the dungeon, and saw 1 of its levels.

You collected 15 gold pieces.

Inventory:

Scrolls
 a - a scroll of silence {unknown}


   Skills:
 + Level 1.1 Fighting
 + Level 2.1 Dodging
 + Level 3.1 Unarmed Combat
 - Level 2.0 Spellcasting
 + Level 2.1 Transmutations


You had 3 spell levels left.
You knew the following spells:

 Your Spells              Type           Power      Damage    Failure   Level
a - Beastly Appendage     Tmut           14%        N/A       10%         1

Your spell library contained the following spells:

 Spells                   Type           Power      Damage    Failure   Level
 Wereblood                Tmut           7%         N/A       14%         2
 Spider Form              Tmut/Pois      4%         N/A       41%         3
 Ice Form                 Ice/Tmut       4%         N/A       82%         4


Dungeon Overview and Level Annotations

Branches:
Dungeon (1/15)

Altars:


Innate Abilities, Weirdness & Mutations

You cannot wear most types of armour.
You are amphibious.
You can wear up to eight rings at the same time.
Your skin changes colour to match your surroundings (Stealth+).
Your rubbery body absorbs attacks. (AC +1, EV +1)
((You are camouflaged when in or above water. (Stealth+)))
You have tentacles for arms and can constrict up to eight enemies at once.


Message History

You grab the jackal.
You pierce the jackal, but do no damage.
You squeeze the jackal.
The jackal is severely wounded.
You constrict the jackal, but do no damage.
The jackal bites you. The jackal misses you.
You tentacle-slap the jackal.
You squeeze the jackal, but do no damage.
The jackal is almost dead.
You constrict the jackal, but do no damage.
The jackal bites you. x2; The jackal barely misses you.
The jackal bites you.
You are too injured to fight recklessly!
You are too injured to fight recklessly!
You tentacle-slap the jackal.
You kill the jackal!
You tentacle-slap the jackal. Your grab misses the jackal.
You pierce the jackal.
Your squeeze misses the jackal.
The jackal is severely wounded.
A ball python comes into view.
The jackal bites you but does no damage.
The jackal barely misses you.
You closely miss the jackal.
The ball python hisses angrily.
Your grab misses the jackal.
The jackal is severely wounded.
The jackal closely misses you. x2
You closely miss the jackal. Your grab misses the jackal.
The jackal is severely wounded.
The jackal barely misses you. The jackal bites you. x2
* * * LOW HITPOINT WARNING * * *
The jackal completely misses you.
You barely miss the jackal. You grab the jackal.
You pierce the jackal, but do no damage.
You squeeze the jackal.
You kill the jackal!
Your tentacle spike disappears.
The jackal bites you.
* * * LOW HITPOINT WARNING * * *
The ball python bites you.
You die...

.####...####.####..
..........)....... .
#####.....)...###...
##..............
#........#####
#...........#
#........##.#
#........##h###.#
#..........@SS..#
#.###.###.###...# #.
#... #.# .$# . .....
..# ... ###.. ##..
### ## ##. ##


You could see a jackal and 2 ball pythons.

Vanquished Creatures
  3 jackals (D:1)
  2 kobolds (D:1)
5 creatures vanquished.

Notes
Turn   | Place    | Note
-------+----------+-------------------------------------------
     0 | D:1      | Pin the Octopode Transmuter began the quest for the Orb.
     0 | D:1      | Reached XP level 1. HP: 13/13 MP: 3/3
   203 | D:1      | Slain by a ball python

Illustrated notes

Levels and vault maps discovered:
D:1:      dpeg_arrival_rhombus, layout_loops_ring,
          nicolae_ecumenical_snake_handling, minivault_14

Action                   || total
-------------------------++-------
Melee: Unarmed           ||    12
       Kick              ||     7
       Constrict         ||     4
       Tentacles         ||     4
 Cast: Beastly Appendage ||     2
Armor: Skin              ||     1
Dodge: Dodged            ||    12

Table legend: (Time is in decaauts)
 A = Elapsed time spent in this place.
 B = Non-inter-level travel time spent in this place.
 C = Inter-level travel time spent in this place.
 D = Time resting spent in this place.
 E = Time spent auto-exploring this place.
 F = Levels seen in this place.
 G = Mean time per level.
                   A        B        C        D        E       F      G
               +--------+--------+--------+--------+--------+-----+--------+
         Total |    202 |    202 |      0 |      0 |    178 |   1 |  202.0 |
       Dungeon |    202 |    202 |      0 |      0 |    178 |   1 |  202.0 |
               +--------+--------+--------+--------+--------+-----+--------+

Top non-repeatable levels by time:
     D:1: 202 daAuts
